 Dungeon Crawl Stone Soup version 0.28.0-53-g5a82cb258f (webtiles) character file.

Game seed: 2124167362139396589

10483 Infinimo the Bludgeoner (level 11, -4/154 HPs)
             Began as a Minotaur Berserker on June 4, 2022.
             Was a High Priest of Trog.
             Hit by a large rock thrown by a stone giant (22 damage)
             ... on level 10 of the Dungeon.
             The game lasted 00:12:16 (11981 turns).

Infinimo the Bludgeoner (Minotaur Berserker)       Turns: 11981, Time: 00:12:16

Health: -4/154     AC: 18    Str: 33    XL:     11   Next: 36%
Magic:  10/10      EV:  8    Int:  4    God:    Trog [*****.]
Gold:   153        SH:  4    Dex:  9    Spells: 10/10 levels left

rFire   . . .      SeeInvis .   t - +4 flail (venom)
rCold   . . .      Faith    .   d - +0 buckler of Parlour Games {Drain +Blink Fly Regen+}
rNeg    . . .      Spirit   .   j - +0 plate armour
rPois   .          Reflect  .   (helmet restricted)
rElec   .          Harm     .   G - +0 cloak
rCorr   .          Rampage  .   o - +0 pair of gloves
Will    .....                   (no boots)
Stlth   ..........              (no amulet)
HPRegen 1.15/turn               l - +6 ring of strength
MPRegen 0.12/turn               (no ring)

@: berserking (expiring), flying, very quick
A: horns 2, retaliatory headbutt
a: Renounce Religion, Evoke Blink, Berserk, Trog's Hand, Brothers in Arms


You were on level 10 of the Dungeon.
You worshipped Trog.
Trog was extremely pleased with you.
You visited 1 branch of the dungeon, and saw 11 of its levels.
You also visited: Ossuary and Bailey.

You collected 405 gold pieces.
You spent 252 gold pieces at shops.

Inventory:

Hand Weapons
 t - a +4 flail of venom (weapon)
Missiles
 b - 11 poisoned darts (quivered)
Armour
 d - the +0 buckler of Parlour Games (worn) {Drain +Blink Fly Regen+}
   (You acquired it on level 8 of the Dungeon)

   Fly:       It grants you flight.
   +Blink:    It lets you blink.
   Regen:     It increases your rate of health regeneration.
   Drain:     It drains your maximum health when unequipped.
 j - a +0 plate armour (worn)
 o - a +0 pair of gloves (worn)
 G - a +0 cloak (worn)
Jewellery
 l - a +6 ring of strength (left hand)
 D - a ring of resist corrosion
 H - a ring of willpower
Wands
 e - a wand of acid (7)
 k - a wand of polymorph (18)
 w - a wand of paralysis (8)
 y - a wand of digging (11)
 z - a wand of iceblast (10)
 F - a wand of flame (41)
Scrolls
 f - 4 scrolls of identify
 q - 4 scrolls of teleportation
 C - a scroll of fear
 E - a scroll of torment {unknown}
Potions
 a - 6 potions of mutation {unknown}
 c - a potion of lignification {unknown}
 g - 4 potions of magic
 h - 2 potions of flight
 i - 5 potions of curing
 m - 8 potions of heal wounds {unknown}
 n - 3 potions of ambrosia {unknown}
 p - 8 potions of attraction {unknown}
 r - 2 potions of haste {unknown}
 s - 5 potions of degeneration {unknown}
 u - a potion of berserk rage {unknown}
 v - 3 potions of resistance {unknown}
 x - 5 potions of might
 A - 2 potions of cancellation {unknown}
 B - a potion of invisibility


   Skills:
 + Level 11.6 Fighting
 * Level 15.7 Maces & Flails
 + Level 11.3 Armour
 - Level 2.1 Dodging
 + Level 4.5 Shields


You had 10 spell levels left.
You didn't know any spells.
Your spell library was empty.

Dungeon Overview and Level Annotations

Branches:
Dungeon (11/15)            Temple (0/1) D:7            Lair (0/6) D:8
Ossuary (visited)          Bailey (visited)
    Orc: D:9-12

Altars:
Ashenzari
Elyvilon
Fedhas
Hepliaklqana
Qazlal
Ru
Sif Muna
Trog
Wu Jian
Yredelemnul
Zin

Shops:
D:3 (   D:5 [   D:8 (   D:9 :

Annotations:
D:10 3 runed translucent doors, LoneCookie's ghost, novice MiBe


Innate Abilities, Weirdness & Mutations

You have a pair of horns on your head.
You reflexively headbutt those who attack you in melee.


Message History

You sock the wolf spider!
You feel the power of Trog in you as your rage grows.
You kill the wolf spider!
Trog accepts your kill.
No target in view!
No target in view!
Something hits you!
You see here a wolf spider corpse.
You closely miss something. You block something's attack.
Unknown command.
You bludgeon something!! You block something's attack.
Something blocks your attack.
Your headbutt misses something. Something hits you!
You miss something. Your headbutt misses something. You barely miss something.
Something hits you! Something blocks your attack. Something hits you.
The stone giant throws a large rock.
You barely miss something.
You hear some strange, mumbled words.
A lance of force appears from out of thin air!
The lance of force hits you!
You are knocked back by the lance of force.
You slam into the rock wall!
Something blocks your attack.
You crush something like a grape!!! Trog accepts your kill.
Trog appreciates your killing of a magic user.
Reactivating autopickup.
You feel a bit more experienced. The stone giant hits you!!
* * * LOW HITPOINT WARNING * * *
The ettin hits you with a +0 dire flail!
* * * LOW HITPOINT WARNING * * *
The ettin hits you with a +0 dire flail!!
* * * LOW HITPOINT WARNING * * *
Things that are here:
a +3 long sword; a +0 buckler You feel a strong urge to attack something.
The stone giant throws a large rock.
The large rock hits you!!
You die...

..........................#...'..
.....#####.<..............######.
......#........................##
#+##.⌠...+#####'########'#.....#
...##.#.#.........#......#.....#
...#....#.........#......#.....#
...#....#.........#......#.....#
#'##...##....######.##...#.....#
.......##....#C)@#...#...#.....#
........'....#C##..#.#...#.....#
...#....#....#(###...#...#.....#
...#...##....##.###.##...#.....#
...#...##...####e###.#...#.÷...#
>..#....#...#s(C#.##.#...#.....#
...#....#...#)}C##...#...'.....#
...#....#...##y)######...#.....#
...#...##....#### #.....#.....#


You could see a stone giant and an ettin.

Vanquished Creatures
  A deep elf knight (D:10)
  Pikel (D:7)
  An orc knight (Bailey)
  An ugly thing (D:11)
  A wolf spider (D:10)
  A kobold demonologist (D:6)
  A komodo dragon (D:9)
  A troll (D:7)
  4 wraiths
  4 yaks (D:11)
  Sigmund (D:2)
  2 wyverns
  Grum (D:9)
  4 vampire mosquitoes (D:10)
  Menkaure (D:5)
  2 steam dragons
  Edmund (D:5)
  2 acid dragons
  A water moccasin (D:8)
  Duvessa (D:7)
  An ice beast (D:7)
  A necrophage (D:4)
  2 orc warriors
  A sky beast (D:6)
  2 ogres
  A hornet zombie (D:5)
  2 wolves (D:9)
  A phantom (D:7)
  3 centaurs
  A kobold brigand (D:9)
  A gnoll sergeant (D:10)
  2 wyvern zombies
  5 scorpions
  5 water moccasin zombies
  Dowan (D:7)
  A wight (D:9)
  7 electric eels
  2 howler monkeys (D:7)
  5 centaur zombies
  3 centaur skeletons
  2 hounds
  Crazy Yiuf (D:7)
  An orc priest (D:5)
  2 gnoll shamans
  2 bullfrog skeletons (D:5)
  Ijyb (D:3)
  Jessica (D:3)
  2 iguanas
  10 orc wizards
  A killer bee zombie (D:6)
  A hound skeleton (D:4)
  2 howler monkey zombies
  2 mummies (Ossuary)
  26 gnolls
  A howler monkey skeleton (D:6)
  5 adders
  2 shadow imps
  A white imp (D:7)
  6 adder zombies (Ossuary)
  2 worms
  3 dart slugs
  42 orcs
  11 ball pythons
  3 bats
  7 endoplasms
  3 giant cockroaches
  9 goblins
  8 hobgoblins
  A quokka (D:2)
  2 frilled lizards
  3 gnoll zombies (Ossuary)
  5 hobgoblin zombies (Ossuary)
  16 kobolds
  7 kobold zombies (Ossuary)
  6 orc zombies (Ossuary)
  3 rats
279 creatures vanquished.

Vanquished Creatures (others)
  34 plants (D:6)
34 creatures vanquished.

Grand Total: 313 creatures vanquished

Notes
Turn   | Place    | Note
-------+----------+-------------------------------------------
     0 | D:1      | Infinimo the Minotaur Berserker began the quest for the
                  | Orb.
     0 | D:1      | Reached XP level 1. HP: 19/19 MP: 0/0
    32 | D:1      | Found a faded altar of an unknown god.
   257 | D:1      | Reached skill level 4 in Maces & Flails
   376 | D:1      | Reached XP level 2. HP: 27/27 MP: 1/1
  1185 | D:2      | Noticed Sigmund
  1197 | D:2      | Killed Sigmund
  1198 | D:2      | Reached skill level 5 in Maces & Flails
  1198 | D:2      | Reached XP level 3. HP: 6/35 MP: 2/2
  1198 | D:2      | Reached XP level 4. HP: 7/41 MP: 3/3
  1198 | D:2      | Reached XP level 5. HP: 8/47 MP: 4/4
  2208 | D:2      | Reached ** piety under Trog
  2457 | D:3      | Reached skill level 5 in Fighting
  2457 | D:3      | Reached skill level 6 in Maces & Flails
  2852 | D:3      | Reached skill level 11 in Maces & Flails
  2852 | D:3      | Reached XP level 6. HP: 62/62 MP: 5/5
  3102 | D:3      | Found Zetsein's Weapon Shoppe.
  3243 | D:3      | Noticed Ijyb
  3251 | D:3      | Killed Ijyb
  3479 | D:3      | Noticed Jessica
  3486 | D:3      | Killed Jessica
  3487 | D:3      | Reached XP level 7. HP: 69/69 MP: 6/6
  4248 | D:4      | Reached skill level 12 in Maces & Flails
  4679 | D:5      | Entered Level 5 of the Dungeon
  4719 | D:5      | Reached XP level 8. HP: 64/78 MP: 7/7
  4889 | D:5      | Noticed Menkaure
  4893 | D:5      | Killed Menkaure
  4922 | D:5      | Found Annouce's Antique Armour Boutique.
  5148 | D:5      | Noticed Edmund
  5158 | D:5      | Killed Edmund
  5231 | D:5      | Found a blossoming altar of Fedhas.
  5727 | D:6      | Noticed a kobold demonologist
  5730 | D:6      | Killed a kobold demonologist
  5730 | D:6      | Reached *** piety under Trog
  5769 | D:6      | Found a sand-covered staircase.
  5774 | Ossuary  | Entered an ossuary
  5870 | Ossuary  | Reached XP level 9. HP: 84/84 MP: 8/8
  5892 | Ossuary  | Reached skill level 13 in Maces & Flails
  5935 | Ossuary  | Reached **** piety under Trog
  7671 | D:7      | Noticed Pikel
  7678 | D:7      | Killed Pikel
  7679 | D:7      | Reached skill level 10 in Fighting
  7747 | D:7      | Noticed a troll
  7757 | D:7      | Killed a troll
  7758 | D:7      | Reached skill level 10 in Armour
  7935 | D:7      | Reached skill level 14 in Maces & Flails
  8057 | D:7      | Reached XP level 10. HP: 91/94 MP: 9/9
  8384 | D:7      | Found a staircase to the Ecumenical Temple.
  8384 | D:7      | Noticed Dowan
  8385 | D:7      | Noticed Duvessa
  8402 | D:7      | Killed Duvessa
  8406 | D:7      | Killed Dowan
  8602 | D:7      | Found a runed translucent door.
  8603 | D:7      | Noticed Crazy Yiuf
  8891 | D:7      | Killed Crazy Yiuf
  8935 | D:8      | Identified a scroll of acquirement
  8935 | D:8      | Acquired the +0 buckler of Parlour Games {Drain +Blink Fly
                  | Regen+}
  8993 | D:8      | Found a white marble altar of Elyvilon.
  9065 | D:8      | Found a staircase to the Lair.
  9083 | D:8      | Found a stormy altar of Qazlal.
  9096 | D:8      | Paralysed by a centaur for 2 turns
  9126 | D:8      | Found a flagged portal.
  9135 | Bailey   | Entered a bailey
  9313 | Bailey   | Noticed an orc knight
  9341 | Bailey   | Killed an orc knight
  9342 | Bailey   | Reached skill level 1 in Shields
  9569 | D:8      | You are sucked into a shaft and drop 3 floors!
  9620 | D:11     | Noticed a cyan ugly thing
  9631 | D:11     | Noticed an ogre mage
  9637 | D:11     | Noticed a manticore
  9637 | D:11     | Killed a cyan ugly thing
  9688 | D:11     | Found a bloodstained altar of Trog.
  9742 | D:10     | Entered Level 10 of the Dungeon
  9761 | D:10     | Reached skill level 15 in Maces & Flails
  9793 | D:10     | Found a sacrificial altar of Ru.
  9830 | D:10     | Found a broken altar of Ashenzari.
  9975 | D:9      | Noticed Grum
  9986 | D:9      | Killed Grum
  9997 | D:9      | Reached XP level 11. HP: 102/102 MP: 10/10
 10151 | D:8      | Found an ornate altar of the Wu Jian Council.
 10193 | D:8      | Found Zimotaec's Antique Weapon Shop.
 10199 | D:8      | Bought a runed morningstar for 252 gold pieces
 10798 | D:9      | Reached ***** piety under Trog
 11044 | D:9      | Received a gift from Trog
 11167 | D:9      | Found a glowing silver altar of Zin.
 11225 | D:9      | Found a shimmering blue altar of Sif Muna.
 11225 | D:9      | Found a hazy altar of Hepliaklqana.
 11316 | D:9      | Found Kogyg's Book Shoppe.
 11417 | D:10     | Found a runed translucent gate.
 11417 | D:10     | Found a runed translucent gate.
 11417 | D:10     | Found a runed translucent gate.
 11417 | D:10     | Noticed LoneCookie's ghost (novice MiBe)
 11419 | D:10     | Found a basalt altar of Yredelemnul.
 11775 | D:10     | Noticed a wolf spider
 11775 | D:10     | Noticed a +0 long sword of holy wrath
 11775 | D:10     | Noticed an ettin
 11776 | D:10     | Found a runed translucent door.
 11778 | D:10     | Noticed a wolf spider
 11778 | D:10     | Noticed a deep elf knight
 11778 | D:10     | Noticed a stone giant
 11778 | D:10     | Noticed an ettin
 11778 | D:10     | Noticed a death drake
 11959 | D:10     | Noticed a spark wasp
 11969 | D:10     | Killed a wolf spider
 11979 | D:10     | Killed a deep elf knight
 11981 | D:10     | Hit by a large rock thrown by a stone giant

Illustrated notes

Levels and vault maps discovered:
D:1:      roderic_octagonal_star, layout_basic,
          ebering_ecumenical_altar_petrified, minmay_misc_feat_enclosed,
          hex_intersection
D:2:      layout_loops_corners, serial_forest, infiniplex_forest_clump_long,
          infiniplex_forest_clump_double, infiniplex_forest_end_2,
          infiniplex_forest_3_way, minivault_27, uniq_sigmund
D:3:      layout_loops_corners, serial_shops, nicolae_shop_crystal, st_stairs_9,
          uniq_ijyb, uniq_jessica
D:4:      layout_loops_ring, kennysheep_generic_room_7
D:5:      layout_basic, kennysheep_mini_moat, serial_shops, shop,
          ebering_dispersal_statue_hall, uniq_edmund, uniq_menkaure
D:6:      layout_loops_ring, enter_ossuary_5, serial_bayou,
          serial_bayou_shore_a, serial_bayou_pond_e, serial_bayou_lake_a,
          serial_bayou_pond_d, serial_bayou_pond_d, hangedman_decor_growths,
          nicolae_water_bricks, chequers_jeans
D:7:      layout_layer_cave, minmay_temple_entry_glass, uniq_crazy_yiuf_cottage,
          uniq_duvessa, uniq_pikel
D:8:      layout_gridville, nzn_wu_jian_contemplation,
          mainiacjoe_overflow_catwalk, grunt_qazlal_sundering,
          dpeg_oklobed_lair, enter_bailey_3, serial_shops, shop
D:9:      layout_loops_ring, marbit_many_paths,
          gammafunk_temple_overflow_elements, serial_shops, kennysheep_mini,
          water_boxes_lemuel, uniq_grum
D:10:     minmay_gate_of_8, layout_gridville, mainiacjoe_overflow_cross_hatched,
          nicolae_yredelemnul_ghost_church, evilmike_ruin_ashenzari
D:11:     hangedman_cross_stitches, layout_irregular_city,
          minmay_orc_entry_guard_dogs, trog_three_pillars_becter

Skill      XL: |  1  2  3  4  5  6  7  8  9 10 11 |
---------------+----------------------------------+-----
Maces & Flails | 4 5 11 12 14 15 | 15.7
Fighting       | 4 8 9 10 11 | 11.6
Armour         | 3 8 9 10 11 | 11.3
Shields        | 3 4 |  4.5
Dodging        | |  2.1

Action                   |  1- 3 |  4- 6 |  7- 9 | 10-12 || total
-------------------------+-------+-------+-------+-------++-------
Melee: Mace              |    45 |    50 |    88 |       ||   183
       Headbutt          |     5 |     6 |    45 |    50 ||   106
       Punch             |       |     2 |     2 |     2 ||     6
       Flail             |       |       |   205 |   289 ||   494
Invok: Berserk           |     2 |     4 |     7 |     9 ||    22
  Use: Scroll            |       |     8 |     2 |     9 ||    19
       Potion            |       |     1 |       |       ||     1
Armor: Animal skin       |     5 |     4 |       |       ||     9
       Ring mail         |       |     2 |       |       ||     2
       Chain mail        |       |     6 |       |       ||     6
       Plate armour      |       |       |   154 |   142 ||   296
Dodge: Dodged            |    21 |    31 |    70 |    85 ||   207
Block: Buckler           |       |       |       |    27 ||    27
